 Dungeon Crawl Stone Soup version 0.27-a0-1590-g15f69828bf (webtiles) character file.

Game seed: 17895590576840436796

777 Aviak the Ducker (level 8, -17/58 HPs)
             Began as a Djinni Conjurer on July 18, 2021.
             Demolished by a two-headed ogre (29 damage)
             ... on level 4 of the Dungeon.
             The game lasted 00:06:06 (5141 turns).

Aviak the Ducker (Djinni Conjurer)                  Turns: 5141, Time: 00:06:06

Health: -17/58     AC:  3    Str:  6    XL:     8   Next: 10%
Gold:   140        EV: 13    Int: 21    God:
                   SH:  0    Dex:  9

rFire    + + .     SeeInvis .   c - +4 whip of Wrongful Imprisonment {vorpal, rC+}
rCold    . . .     Faith    .   (no shield)
rNeg     . . .     Spirit   .   a - +0 robe
rPois    ∞         Reflect  .   (no helmet)
rElec    .         Harm     .   l - +0 cloak
rCorr    .         Rampage  .   (no gloves)
Will     .....                  (boots unavailable)
Stlth    +.........             (no amulet)
HPRegen  0.19/turn              (no ring)
MPRegen  0.00/turn              (no ring)

@: flying, very slightly contaminated, slowed, very slow
A: sickness immunity, fire resistance 2, cold vulnerability 1, float, innate
caster, hp casting, extra vitality 1, clumsy 2, noise suppression
a: no special abilities


You were on level 4 of the Dungeon.
You visited 1 branch of the dungeon, and saw 4 of its levels.

You collected 140 gold pieces.

Inventory:

Hand Weapons
 c - the +4 whip of Wrongful Imprisonment (weapon) {vorpal, rC+}
   (You found it on level 4 of the Dungeon)

   It inflicts extra damage upon your enemies.
   rC:        It protects you from cold.
 g - a +1 short sword of flaming
 m - a +3 spear
Armour
 a - a +0 robe (worn)
 l - a +0 cloak (worn)
Jewellery
 b - a +6 ring of strength
Scrolls
 h - a scroll of fog {unknown}
 i - a scroll of blinking {unknown}
 j - 2 scrolls of teleportation {unknown}
 k - a scroll of acquirement {unknown}
Potions
 d - a potion of invisibility
 e - 2 potions of attraction


   Skills:
 + Level 4.6 Fighting
 + Level 5.7 Dodging
 - Level 1.5 Stealth
 + Level 4.9 Spellcasting


You couldn't memorise any spells.
You knew the following spells:

 Your Spells              Type           Power      Damage    Failure   Level
a - Magic Dart            Conj           100%       1d8       1%          1
b - Searing Ray           Conj           52%        3d5       2%          2
c - Dazzling Flash        Conj/Hex       52%        N/A       4%          3
d - Fulminant Prism       Conj/Hex       13%        3d9       14%         4
e - Iskenderun's Mystic   Conj/Tloc      26%        2d7       14%         4
f - Shock                 Conj/Air       100%       1d9       1%          1
g - Wereblood             Tmut           26%        N/A       2%          2
h - Stone Arrow           Conj/Erth      52%        3d10      4%          3
Your spell library was empty.

Dungeon Overview and Level Annotations

Branches:
Dungeon (4/15)
 Temple: D:4-7

Altars:
Ashenzari
Qazlal
Uskayaw
Xom
The Shining One


Innate Abilities, Weirdness & Mutations

You are immune to sickness and miasma.
You are immune to poison.
Your flesh is very heat resistant. (rF++)
You are vulnerable to cold. (rC-)
You float through the air rather than walking.
You learn spells naturally, not from books.
Your magical power is your life essence.
You have superior vitality. (+4 HP)
You are very clumsy. (Dex -4)
You passively dampen the noise of your surroundings.


Message History

A fulminant prism comes into view.
Casting: Fulminant Prism (dangerous; 14% risk of failure)
Confirm with . or Enter, or press ? or * to list all spells.
Okay, then.
Your fulminant prism crackles loudly.
Casting: Fulminant Prism (dangerous; 14% risk of failure)
Confirm with . or Enter, or press ? or * to list all spells.
Aiming: Fulminant Prism (dangerous; 14% risk of failure)
Press: ? - help, Dir - move target You miscast Fulminant Prism.
You are very lightly contaminated with residual magic.
You hear an indistinct dissonance whispering inside your mind.
You feel yourself slow down.
Your fulminant prism explodes!
The blast of energy engulfs the two-headed ogre!
The two-headed ogre is moderately wounded.
The gnoll hits you with a +0 flail! The gnoll closely misses you.
Casting: Fulminant Prism (dangerous; 14% risk of failure)
Confirm with . or Enter, or press ? or * to list all spells.
Aiming: Searing Ray (safe; 2% risk of failure)
Press: ? - help, Shift-Dir - straight line The searing ray hits the gnoll.
The gnoll is moderately wounded.
The searing ray hits the two-headed ogre.
The two-headed ogre is heavily wounded.
The searing ray misses the gnoll. (Press . to maintain the ray.)
The searing ray misses the two-headed ogre.
The searing ray hits the gnoll!
The gnoll is almost dead.
The gnoll misses you.
The two-headed ogre hits you with a +0 giant club!!
The two-headed ogre barely misses you.
The gnoll hits you from afar with a +0 halberd!
* * * LOW HITPOINT WARNING * * *
Unknown command.
The two-headed ogre closely misses you.
The two-headed ogre hits you with a +0 giant club!!
Ouch! That really hurt!
You die...

# .# ###### ..#♣#....##
...#......## ######
...........#####....#######
.........#....##..........#
.........##..ggO..≈≈≈≈≈≈≈.#
...O..........##@.........#
.≈g≈≈≈≈.......##..≈.≈≈≈.≈.#
≈≈####≈≈......##..≈.....≈.#
≈# ##≈.....###..≈.._..≈.#
≈# #≈....#♣ #..≈.....≈.# ≈#
#≈.....###..≈.≈≈≈.≈.# ≈##
##≈......#...........#
≈≈####≈≈..(.......≈≈≈≈≈≈≈.#
.≈≈≈≈≈≈.......###.........#


You could see a two-headed ogre and 2 gnolls.

Vanquished Creatures
  Grinder (D:4)
  An orc warrior (D:4)
  A necrophage (D:4)
  Crazy Yiuf (D:3)
  2 hounds (D:4)
  A gnoll shaman (D:4)
  An orc priest (D:4)
  Natasha (thrice) (D:4)
  An orc wizard (D:4)
  5 gnolls (D:4)
  3 adders
  A dart slug (D:2)
  A worm (D:4)
  An orc (D:3)
  7 bats
  8 endoplasms
  3 giant cockroaches
  2 hobgoblins
  20 jackals
  3 quokkas
  4 ball pythons
  A frilled lizard (D:1)
  7 goblins
  8 kobolds
  6 rats (D:1)
92 creatures vanquished.

Vanquished Creatures (others)
  A fulminant prism (D:4)
  2 fungi (D:2)
3 creatures vanquished.

Grand Total: 95 creatures vanquished

Notes
Turn   | Place    | Note
-------+----------+-------------------------------------------
     0 | D:1      | Aviak the Djinni Conjurer began the quest for the Orb.
     0 | D:1      | Reached XP level 1. HP: 15/15 MP: 0/0
   194 | D:1      | Reached XP level 2. HP: 15/22 MP: 0/0
   410 | D:1      | Reached skill level 1 in Fighting
   504 | D:1      | Reached XP level 3. HP: 23/27 MP: 0/0
   504 | D:1      | Learned a level 1 spell: Shock
  1174 | D:1      | Reached skill level 3 in Dodging
  1841 | D:2      | Reached XP level 4. HP: 28/33 MP: 0/0
  2315 | D:2      | Found a hide-covered altar of Uskayaw.
  2424 | D:2      | Found a faded altar of an unknown god.
  2753 | D:3      | Found a shimmering altar of Xom.
  2762 | D:3      | Found a broken altar of Ashenzari.
  2817 | D:3      | Found a runed translucent door.
  2818 | D:3      | Noticed Crazy Yiuf
  2941 | D:3      | Found a glowing golden altar of the Shining One.
  3174 | D:3      | Killed Crazy Yiuf
  3175 | D:3      | Reached XP level 5. HP: 34/38 MP: 0/0
  3175 | D:3      | Learned a level 2 spell: Wereblood
  3380 | D:4      | Reached skill level 4 in Dodging
  3380 | D:4      | Reached XP level 6. HP: 17/45 MP: 0/0
  3669 | D:4      | Noticed Grinder
  3675 | D:4      | Killed Grinder
  3676 | D:4      | Reached XP level 7. HP: 26/50 MP: 0/0
  3676 | D:4      | Learned a level 3 spell: Stone Arrow
  3851 | D:4      | Noticed Natasha
  3853 | D:4      | Killed Natasha
  3944 | D:4      | Reached skill level 5 in Dodging
  3955 | D:4      | Gained mutation: You are clumsy. (Dex -2) [potion of
                  | mutation]
  3955 | D:4      | Gained mutation: You passively dampen the noise of your
                  | surroundings. [potion of mutation]
  3955 | D:4      | Gained mutation: You are very clumsy. (Dex -4) [potion of
                  | mutation]
  4225 | D:4      | Found a stormy altar of Qazlal.
  4231 | D:4      | Noticed Natasha
  4236 | D:4      | Killed Natasha
  4318 | D:4      | Identified the +4 whip of Wrongful Imprisonment {vorpal,
                  | rC+}
  4394 | D:4      | Noticed Natasha
  4401 | D:4      | Killed Natasha
  4790 | D:4      | Reached XP level 8. HP: 15/58 MP: 0/0
  5121 | D:4      | Noticed a two-headed ogre
  5141 | D:4      | Demolished by a two-headed ogre

Illustrated notes

Levels and vault maps discovered:
D:1:      ncdulo_watergridlock, layout_basic
D:2:      layout_basic, shapermc_ecumenical_altar_petra, basic_altar,
          minmay_small_reverse_x
D:3:      layout_rooms, nicolae_tso_carved_into_rock,
          mainiacjoe_overflow_catwalk_spiral, uniq_crazy_yiuf_cottage
D:4:      layout_rooms, mainiacjoe_overflow_cross_hatched,
          kennysheep_minor_cross, kennysheep_decorative_pillar,
          grunt_ministairs_4, uniq_grinder, uniq_natasha

Skill      XL: |  1  2  3  4  5  6  7 |
---------------+----------------------+-----
Fighting       | 1 2 3 4 |  4.6
Dodging        | 3 4 5 |  5.7
Spellcasting   | 4 |  4.9
Stealth        | |  1.5

Action                   |  1- 3 |  4- 6 |  7- 9 || total
-------------------------+-------+-------+-------++-------
Melee: Whip              |       |       |    33 ||    33
 Cast: Magic Dart        |    59 |    27 |       ||    86
       Searing Ray       |     5 |    13 |    10 ||    28
       Wereblood         |       |       |     1 ||     1
       Fulminant Prism   |       |       |     1 ||     1
  Use: Potion            |       |       |     5 ||     5
Armor: Robe              |     2 |     1 |     5 ||     8
Dodge: Dodged            |     3 |     8 |    31 ||    42

Table legend: (Time is in decaauts)
 A = Elapsed time spent in this place.
 B = Non-inter-level travel time spent in this place.
 C = Inter-level travel time spent in this place.
 D = Time resting spent in this place.
 E = Time spent auto-exploring this place.
 F = Levels seen in this place.
 G = Mean time per level.
                   A        B        C        D        E       F      G
               +--------+--------+--------+--------+--------+-----+--------+
         Total |   5144 |   5012 |    132 |   1208 |   3323 |   4 | 1286.0 |
       Dungeon |   5144 |   5012 |    132 |   1208 |   3323 |   4 | 1286.0 |
               +--------+--------+--------+--------+--------+-----+--------+

Top non-repeatable levels by time:
     D:4: 1883 daAuts
     D:1: 1556 daAuts
     D:2: 1142 daAuts
     D:3: 563 daAuts
